 Dungeon Crawl Stone Soup version 0.30-a0-424-g7412bad402 (webtiles) character file.

Game seed: 5376060560141565205

375 vineage the Trooper (level 6, -1/68 HPs)
             Began as an Ogre Fighter on Dec 9, 2022.
             Slain by a sky beast (6 damage)
             ... on level 4 of the Dungeon.
             The game lasted 00:03:48 (2638 turns).

vineage the Trooper (Ogre Fighter)                  Turns: 2638, Time: 00:03:48

Health: -1/68      AC:  3    Str: 23    XL:     6   Next: 72%
Magic:  6/6        EV:  9    Int:  9    God:
Gold:   169        SH:  7    Dex:  8    Spells: 5/5 levels left

rFire   . . .      SeeInvis .    k - +0 morningstar
rCold   . . .      Faith    .    c - +0 kite shield
rNeg    . . .      Spirit   .    b - +0 robe
rPois   .          Reflect  .    (helmet restricted)
rElec   .          Harm     .    (no cloak)
rCorr   .          Rampage  .    (gloves unavailable)
Will    .....                    (boots unavailable)
Stlth   +.........               m - amulet of regeneration
HPRegen 1.11/turn                (no ring)
MPRegen 0.10/turn                (no ring)

@: no status effects
A: large, unfitting armour, tough skin 1
a: no special abilities


You were on level 4 of the Dungeon.
You visited 1 branch of the dungeon, and saw 4 of its levels.

You collected 169 gold pieces.

Inventory:

Hand Weapons
 a - a +0 flail of freezing
 k - a +0 morningstar (weapon)
Armour
 b - a +0 robe (worn)
 c - a +0 kite shield (worn)
Jewellery
 m - an amulet of regeneration (around neck)
Scrolls
 e - a scroll of teleportation
 g - a scroll of fear
 p - a scroll of identify
Potions
 d - 2 potions of might
 f - a potion of degeneration {unknown}
 h - a potion of attraction {unknown}
 i - a potion of heal wounds {unknown}
 j - a potion of lignification
 l - 2 potions of flight
 n - a potion of haste {unknown}
 o - 3 potions of curing {unknown}


   Skills:
 * Level 6.4 Fighting
 * Level 3.9 Maces & Flails
 + Level 3.6 Dodging
 + Level 3.9 Shields


You had 5 spell levels left.
You didn't know any spells.
Your spell library contained the following spells:

 Spells                   Type           Power      Damage    Failure   Level
 Ozocubu's Armour         Ice            0%         N/A       95%         3
 Ozocubu's Refrigeration  Ice            0%         4d7       100%        7


Dungeon Overview and Level Annotations

Branches:
Dungeon (4/15)
 Temple: D:4-7

Altars:
Qazlal
Xom


Innate Abilities, Weirdness & Mutations

You are too large for most types of armour.
You have tough skin. (AC +1)


Message History

No target in view!
No target in view!
No target in view!
No target in view!
No target in view!
No target in view!
There is a strange disturbance nearby!
There is a strange disturbance nearby!
There is a strange disturbance nearby!
There is a strange disturbance nearby!
You closely miss something. Something hits you. Something shocks you.
You closely miss something.
Something hits you but does no damage. x2
You barely miss something. Something hits you. Something shocks you.
You hit something. Something hits you but does no damage.
You closely miss something. Something hits you. Something shocks you.
Something hits you. Something shocks you.
You closely miss something.
A sky beast appears from thin air!
Reactivating autopickup.
The sky beast hits you. The sky beast shocks you.
You barely miss the sky beast.
The sky beast is severely wounded.
The sky beast flickers out of sight!
Deactivating autopickup; reactivate with Ctrl-A.
Something completely misses you. You block something's attack.
You puncture something! Something hits you. Something shocks you.
* * * LOW HITPOINT WARNING * * *
You barely miss something. Something hits you but does no damage.
You block something's attack.
You barely miss something. Something hits you.
* * * LOW HITPOINT WARNING * * *
Something shocks you.
* * * LOW HITPOINT WARNING * * *
You miss something. Something hits you but does no damage. Something hits you.
* * * LOW HITPOINT WARNING * * *
Something shocks you.
* * * LOW HITPOINT WARNING * * *
You miss something. Something hits you.
* * * LOW HITPOINT WARNING * * *
Something shocks you.
You die...

#.# ... #.. #.#
#:. #.# #### #~#
.... #{# ...
#@##.# #....##...
##########......#
#~~~~~~~~#.######
#~......~#.#
#~.♣..♣.~#.#
#~......~#.#
#~......~#.#
#~.♣..♣.~#.#


There were no monsters in sight!

Vanquished Creatures
  An ogre (D:4)
  A scorpion (D:4)
  An iguana (D:4)
  Natasha (thrice) (D:3)
  3 adders
  2 worms
  5 dart slugs
  4 orcs (D:3)
  5 endoplasms
  7 giant cockroaches
  3 goblins
  7 hobgoblins
  6 jackals
  10 kobolds
  4 quokkas
  9 ball pythons
  5 bats
  3 frilled lizards
  7 rats
86 creatures vanquished.

Notes
Turn   | Place    | Note
-------+----------+-------------------------------------------
     0 | D:1      | vineage the Ogre Fighter began the quest for the Orb.
     0 | D:1      | Reached XP level 1. HP: 24/24 MP: 1/1
    72 | D:1      | Reached XP level 2. HP: 29/32 MP: 2/2
   311 | D:1      | Reached XP level 3. HP: 38/40 MP: 3/3
   993 | D:2      | Reached XP level 4. HP: 39/49 MP: 4/4
  1111 | D:2      | Found a shimmering altar of Xom.
  1118 | D:2      | Found a faded altar of an unknown god.
  1151 | D:2      | Reached skill level 5 in Fighting
  1166 | D:2      | You fall into a shaft and drop 1 floor!
  1613 | D:3      | Noticed Natasha
  1625 | D:3      | Killed Natasha
  1628 | D:3      | Reached XP level 5. HP: 46/57 MP: 5/5
  1895 | D:3      | Noticed Natasha
  1903 | D:3      | Killed Natasha
  1998 | D:3      | Found a stormy altar of Qazlal.
  2228 | D:3      | Noticed Natasha
  2233 | D:3      | Killed Natasha
  2339 | D:4      | Noticed an ogre
  2354 | D:4      | Reached skill level 6 in Fighting
  2354 | D:4      | Reached XP level 6. HP: 23/67 MP: 6/6
  2607 | D:4      | Noticed a sky beast
  2638 | D:4      | Slain by a sky beast

Illustrated notes

Levels and vault maps discovered:
D:1:      dpeg_arrival_pond, layout_loops_ring
D:2:      layout_basic, basic_altar, ebering_ecumenical_altar_box,
          small_statue_intersection, dreamdust_wishing_well, minmay_diced_spiral
D:3:      layout_loops_ring, nicolae_qazlal_general_emergency, uniq_natasha
D:4:      layout_rooms, mainiacjoe_overflow_boulevard,
          nicolae_overflow_hidden_temple, lemuel_crystal_altar,
          kennysheep_cross_room, kennysheep_generic_room_5

Skill      XL: |  1  2  3  4  5 |
---------------+----------------+-----
Maces & Flails | 2 3 |  3.9
Dodging        | 3 |  3.6
Fighting       | 5 6 |  6.4
Shields        | |  3.9

Action                   |  1- 3 |  4- 6 || total
-------------------------+-------+-------++-------
Melee: Flail             |   104 |    77 ||   181
       Morningstar       |       |    91 ||    91
  Use: Scroll            |       |    10 ||    10
       Potion            |       |     3 ||     3
Armor: Robe              |    54 |    58 ||   112
       Skin              |       |    40 ||    40
Dodge: Dodged            |    51 |    69 ||   120
Block: Kite shield       |    56 |   112 ||   168

Table legend: (Time is in decaauts)
 A = Elapsed time spent in this place.
 B = Non-inter-level travel time spent in this place.
 C = Inter-level travel time spent in this place.
 D = Time resting spent in this place.
 E = Time spent auto-exploring this place.
 F = Levels seen in this place.
 G = Mean time per level.
                   A        B        C        D        E       F      G
               +--------+--------+--------+--------+--------+-----+--------+
         Total |   2756 |   2664 |     92 |    138 |   1884 |   4 |  689.0 |
       Dungeon |   2756 |   2664 |     92 |    138 |   1884 |   4 |  689.0 |
               +--------+--------+--------+--------+--------+-----+--------+

Top non-repeatable levels by time:
     D:2: 886 daAuts
     D:3: 807 daAuts
     D:1: 734 daAuts
     D:4: 327 daAuts
